 Dungeon Crawl Stone Soup version 0.22-a0-443-g17c3723 (webtiles) character file.

616 Gorglomux the Chopper (level 7, -4/41 HPs)
             Began as a Gargoyle Fighter on June 1, 2018.
             Slain by an ogre
             ... wielding a +0 giant club
              (20 damage)
             ... on level 4 of the Dungeon.
             The game lasted 00:01:43 (2087 turns).

Gorglomux the Chopper (Gargoyle Fighter)            Turns: 2087, Time: 00:01:43

Health: -4/41      AC: 11    Str: 22    XL:     7   Next: 45%
Magic:  7/7        EV:  7    Int: 12    God:
Gold:   75         SH:  9    Dex:  9    Spells: 6/6 levels left

rFire    . . .     SeeInvis .   y - +1 war axe (freeze)
rCold    . . .     Gourm    .   c - +0 shield
rNeg     + . .     Faith    .   b - +0 scale mail
rPois    ∞         Spirit   .   (no helmet)
rElec    +         Reflect  .   (no cloak)
rCorr    .         Harm     .   (no gloves)
MR       .....                  (no boots)
Stlth    +.........             r - amulet of regeneration
HPRegen  0.53/turn              x - ring of stealth
MPRegen  0.10/turn              J - +4 ring of intelligence

@: slowed, very slow
A: negative energy resistance 1, electricity resistance, unbreathing,
petrification resistance, rot immunity, AC +4
a: no special abilities


You were on level 4 of the Dungeon.
You were not hungry.

You visited 1 branch of the dungeon, and saw 4 of its levels.
You also visited: Sewer.

You collected 75 gold pieces.

Inventory:

Hand Weapons
 y - a +1 war axe of freezing (weapon)
Armour
 b - a +0 scale mail (worn)
 c - a +0 shield (worn)
Jewellery
 r - an amulet of regeneration (around neck)
 x - a ring of stealth (left hand)
 J - a +4 ring of intelligence (right hand)
Wands
 I - a wand of iceblast (11)
Scrolls
 h - 3 scrolls of blinking {unknown}
 i - 10 scrolls of identify {unknown}
 j - 5 scrolls of remove curse {unknown}
 l - 2 scrolls of enchant armour {unknown}
 B - a scroll of fear {unknown}
 C - a scroll of teleportation {unknown}
Potions
 d - a potion of might
 k - 2 potions of agility {unknown}
 w - a potion of heal wounds {unknown}
 A - a potion of curing {unknown}
 D - a potion of magic {unknown}
 E - a potion of invisibility {unknown}
 K - a potion of lignification {unknown}
Comestibles
 f - 4 rations
 z - 2 chunks of flesh


   Skills:
 - Level 3.2 Fighting
 + Level 7.4 Axes
 - Level 3.2 Armour
 - Level 3.2 Shields


You had 6 spell levels left.
You didn't know any spells.
Your spell library contained the following spells:

 Spells                   Type           Power        Failure   Level  Hunger
 Animate Skeleton         Necr           N/A          98%         1    ##.....


Dungeon Overview and Level Annotations

Branches:
Dungeon (4/15)
 Temple: D:4-7

Altars:
Kikubaaqudgha
Sif Muna
Vehumet


Innate Abilities, Weirdness & Mutations

You are resistant to torment.
Your stone body is resilient. (AC +4)
You are immune to poison.
You resist negative energy. (rN+)
You are resistant to electric shocks. (rElec)
You can survive without breathing.
You are immune to petrification.
You are immune to rotting.


Message History

No target in view!!!
Unknown command!
Key pressed, stopping explore!
No target in view!!!
No target in view!!!
No target in view!!!
No target in view!!!
Unknown command!
An ogre comes into view! It is wielding a giant club!
Things that are here:
a club; a leather armour; an orc corpse Unknown butt!
You see here a club!
You block the ogre's attack!
You dice the ogre like an onion!!! You freeze the ogre!
The ogre is moderately wounded!
The ogre hits you with a giant club!!!!!!
DANG The ogre hits you with a giant club!!!!!! rip

##.#†.# ..#.# #.#..#
#.#.# .#.# #.#..# #.#.#
.#.#
#.#..####.#.####.#.###.
#.#..##........#......
##.#..##.#.#.##.#....#
...........#.##.#....#
....#......#.##.#O...#
....+...........@)...#
....####.#####..)#...#
....# .... #...# .....
##... ...#.# #..)# ....
###. ###.# ##.## ### .
. .... .### ####. ....
.#..


You could see an ogre.

Vanquished Creatures
  2 big kobolds (Sewer)
  A scorpion (D:4)
  A howler monkey (D:4)
  An orc wizard (D:4)
  A centaur skeleton (D:2)
  An orc priest (D:4)
  Ijyb (D:3)
  An iguana (D:3)
  12 adders
  4 river rats (Sewer)
  3 oozes (Sewer)
  3 worms
  5 dart slugs
  A leopard gecko (D:4)
  4 orcs (D:4)
  7 giant cockroaches
  8 goblins
  4 hobgoblins
  3 jackals (D:1)
  8 kobolds
  2 quokkas (D:3)
  5 ball pythons
  4 bats
  4 frilled lizards
  5 rats
91 creatures vanquished.

Notes
Turn   | Place    | Note
-------+----------+-------------------------------------------
     0 | D:1      | Gorglomux the Gargoyle Fighter began the quest for the Orb.
     0 | D:1      | Reached XP level 1. HP: 14/14 MP: 1/1
    23 | D:1      | Reached skill level 2 in Axes
    73 | D:1      | Reached XP level 2. HP: 16/19 MP: 2/2
   301 | D:1      | Reached skill level 3 in Axes
   324 | D:1      | Reached XP level 3. HP: 17/23 MP: 3/3
   786 | D:2      | Found a faded altar of an unknown god.
   871 | D:2      | Reached skill level 4 in Axes
   871 | D:2      | Reached XP level 4. HP: 28/28 MP: 4/4
   919 | D:2      | Noticed an ogre
  1040 | D:3      | Reached XP level 5. HP: 27/32 MP: 5/5
  1093 | D:3      | Found a glowing drain.
  1120 | Sewer    | Entered a sewer
  1175 | Sewer    | Reached skill level 5 in Axes
  1204 | Sewer    | Noticed a big kobold
  1226 | Sewer    | Killed a big kobold
  1226 | Sewer    | Reached XP level 6. HP: 34/37 MP: 6/6
  1244 | Sewer    | Reached skill level 6 in Axes
  1691 | D:3      | Noticed Ijyb
  1700 | D:3      | Killed Ijyb
  1700 | D:3      | Reached XP level 7. HP: 41/41 MP: 7/7
  1870 | D:3      | Found a radiant altar of Vehumet.
  1874 | D:3      | Found an ancient bone altar of Kikubaaqudgha.
  1874 | D:3      | Found a deep blue altar of Sif Muna.
  1881 | D:3      | Identified Kikubaaqudgha's Incunabulum of Dark Secrets
  2041 | D:4      | Reached skill level 7 in Axes
  2087 | D:4      | Slain by an ogre

Vault maps used:
D:1:      dpeg_arrival_concentric_ovals
D:2:      chequers_ecumenical_altar_simple, minivault_26
D:3:      grunt_temple_overflow_magic_moments, gup_sewer_entry_glass, uniq_ijyb
D:4:      nicolae_ru_path_of_blood, first_ration
Sewer:    sewer_co_tree

Skill      XL: |  1  2  3  4  5  6  7 |
---------------+----------------------+-----
Axes           | 2 3 4 5 6 7 |  7.4
Fighting       | |  3.2
Armour         | |  3.2
Shields        | |  3.2

Action                   |  1- 3 |  4- 6 |  7- 9 || total
-------------------------+-------+-------+-------++-------
Melee: War axe           |   128 |   191 |    39 ||   358
  Eat: Chunk             |       |     4 |     1 ||     5
Armor: Scale mail        |    67 |    92 |    17 ||   176
Dodge: Dodged            |    33 |    51 |    18 ||   102
Block: Shield            |    76 |    75 |    14 ||   165

Table legend:
 A = Spawn XP
 B = Non-spawn XP
 C = Spawn XP percentage of total XP
 D = Spawn monster count
 E = Non-spawn monster count
 F = Spawn count percentage of total count
 G = Total turns spent on level
                    A         B        C        D         E        F      G
               +---------+---------+-------+---------+---------+-------+---------
         Total |       0 |     880 |   0.0 |       0 |      91 |   0.0 |  2087
               +---------+---------+-------+---------+---------+-------+---------
           D:1 |       0 |      53 |   0.0 |       0 |      28 |   0.0 |   597
           D:2 |       0 |      73 |   0.0 |       0 |      11 |   0.0 |   424
           D:3 |       0 |     129 |   0.0 |       0 |      14 |   0.0 |   394
           D:4 |       0 |     225 |   0.0 |       0 |      10 |   0.0 |   115
         Sewer |       0 |     400 |   0.0 |       0 |      28 |   0.0 |   557
               +---------+---------+-------+---------+---------+-------+---------
